 Dungeon Crawl Stone Soup version 0.22.1-1-ga44c0e56f4 (webtiles) character file.

10804 timez0r the Warrior (level 11, -2/119 HPs)
             Began as a Minotaur Berserker on Nov 4, 2018.
             Was a High Priest of Trog.
             Slain by a death knight
             ... wielding a +1 great mace of crushing
              (19 damage)
             ... on level 12 of the Dungeon.
             The game lasted 00:42:31 (10179 turns).

timez0r the Warrior (Minotaur Berserker)           Turns: 10179, Time: 00:42:31

Health: -2/119     AC: 14    Str: 26    XL:     11   Next: 41%
Magic:  0/8        EV:  8    Int:  4    God:    Trog [*****.]
Gold:   665        SH:  0    Dex: 12    Spells: 10/10 levels left

rFire    . . .     SeeInvis .   I - +3 mace (freeze)
rCold    . . .     Gourm    .   (no shield)
rNeg     . . .     Faith    .   f - +0 plate armour
rPois    .         Spirit   +   (helmet restricted)
rElec    .         Reflect  .   K - scarf {Spirit}
rCorr    .         Harm     .   J - +1 pair of gloves {Dex+3}
MR       .....                  E - +0 pair of boots
Stlth    ..........             (no amulet)
HPRegen  0.29/turn              (no ring)
MPRegen  0.11/turn              (no ring)

@: berserk cooldown, hasted and slowed
A: retaliatory headbutt, horns 2, low mp 1, evolution 1
a: Berserk, Trog's Hand, Brothers in Arms, Renounce Religion


You were on level 12 of the Dungeon.
You worshipped Trog.
Trog was extremely pleased with you.
You were not hungry.

You visited 2 branches of the dungeon, and saw 13 of its levels.

You collected 910 gold pieces.
You spent 245 gold pieces at shops.

Inventory:

Hand Weapons
 C - a +1 morningstar of draining
 I - a +3 mace of freezing (weapon)
 L - a +1 morningstar of crushing
Missiles
 h - 286 stones (quivered)
Armour
 f - a +0 plate armour (worn)
 g - +0 acid dragon scales
 w - a +0 pair of gloves
 E - a +0 pair of boots (worn)
 J - a +1 pair of gloves of dexterity (worn)
 K - a scarf of spirit shield (worn)
Jewellery
 d - an uncursed ring of resist corrosion
 l - an uncursed amulet of magic regeneration {unknown}
 q - an uncursed ring of wizardry {unknown}
 z - an uncursed amulet of faith {unknown}
Wands
 y - a wand of digging (13)
 D - a wand of paralysis (12)
 F - a wand of clouds (6)
 N - a wand of polymorph (16)
Scrolls
 a - 4 scrolls of fear {unknown}
 e - 10 scrolls of teleportation
 i - 2 scrolls of enchant weapon
 j - 12 scrolls of identify
 m - 3 scrolls of blinking
 n - 2 scrolls of random uselessness {unknown}
 o - 2 scrolls of amnesia {unknown}
 t - 7 scrolls of remove curse
 v - 2 scrolls of immolation {unknown}
 M - 2 scrolls of magic mapping {unknown}
 O - a scroll of vulnerability {unknown}
 Q - a scroll of noise {unknown}
Potions
 b - a potion of curing
 p - a potion of lignification
 r - a potion of ambrosia
 x - a potion of brilliance
 A - 2 potions of flight
Comestibles
 c - 19 rations


   Skills:
 - Level 18.2 Fighting
 * Level 9.9 Maces & Flails
 - Level 2.7 Armour
 - Level 2.4 Dodging


You had 10 spell levels left.
You didn't know any spells.
Your spell library was empty.

Dungeon Overview and Level Annotations

Branches:
Dungeon (12/15)            Temple (1/1) D:5            Lair (0/6) D:11
    Orc (0/2) D:11

Altars:
Ashenzari
Cheibriados
Dithmenos
Elyvilon
Fedhas
Gozag
Hepliaklqana
Kikubaaqudgha
Makhleb
Nemelex Xobeh
Okawaru
Qazlal
Ru
Sif Muna
Trog
Uskayaw
Vehumet
Wu Jian
Xom
Yredelemnul
Zin
The Shining One

Shops:
D:6 [   D:7 (   D:10 (

Annotations:
D:12 exclusion: orange crystal statue


Innate Abilities, Weirdness & Mutations

You reflexively headbutt those who attack you in melee.
You have a pair of horns on your head.
Your magical capacity is low. (-10% MP)
You evolve.


Message History

The death knight's dark mirror aura disappears.
The death knight hits you with a great mace of crushing.
You hit the death knight but do no damage.
You headbutt the death knight!
The death knight is lightly wounded.
The death knight hits you with a great mace of crushing.
Your plate armour prevents you from hitting the death knight.
The death knight is lightly wounded.
The death knight barely misses you. You furiously retaliate!
You headbutt the death knight! You barely miss the death knight.
Your headbutt misses the death knight.
The death knight is moderately wounded.
The death knight calls down the wrath of Yredelemnul upon you.
Your body is wracked with pain!
* * * LOW HITPOINT WARNING * * *
The death knight hits you with a great mace of crushing!
* * * LOW HITPOINT WARNING * * *
x2 You feel yourself speed up.
The death knight hits you with a great mace of crushing!!
You die...

#...................
..............a.....
....................
..........#########.
#########..#
###.......#..#
##.........+..#
...........#..#
.......@...#..#######
......p....#.........
...........#..)..#####
######.....#>....#...#
#.....#.....#...#
#######.....#...#+#
.........#......
..........)......
..........#......


You could see a death knight.

Vanquished Creatures
  Erica (D:11)
  A deep elf mage (D:12)
  A manticore (D:11)
  An elephant (D:11)
  2 gargoyles
  A queen bee (D:11)
  2 trolls (D:9)
  A hippogriff (D:11)
  Sigmund (D:5)
  A shadow (D:11)
  4 yaks (D:11)
  A wraith (D:10)
  2 basilisks (D:11)
  An acid dragon (D:11)
  Duvessa (D:7)
  Edmund (D:5)
  5 orc warriors
  3 sky beasts
  3 black bears
  An ice beast (D:6)
  2 phantoms (D:5)
  5 ogres
  3 centaurs
  7 bullfrogs
  A gnoll sergeant (D:10)
  Dowan (D:7)
  A water moccasin zombie (D:5)
  A scorpion (D:11)
  21 killer bees
  2 howler monkeys (D:8)
  5 wights (D:8)
  3 crimson imps
  2 bullfrog skeletons
  A centaur zombie (D:11)
  6 hounds
  4 orc priests
  4 jellies
  19 orc wizards
  4 centaur skeletons
  2 iguanas
  3 worker ants
  2 worker ant zombies
  6 gnolls
  A howler monkey skeleton (D:5)
  2 adders
  4 shadow imps
  An ooze (D:3)
  2 adder skeletons
  An adder zombie (D:5)
  2 worms (D:4)
  6 dart slugs
  4 leopard geckos
  41 orcs
  6 bats
  5 giant cockroaches
  7 goblins
  4 hobgoblins
  7 jackals
  4 quokkas
  3 frilled lizards
  6 kobolds
  A leopard gecko zombie (D:5)
  7 rats
253 creatures vanquished.

Notes
Turn   | Place    | Note
-------+----------+-------------------------------------------
     0 | D:1      | timez0r the Minotaur Berserker began the quest for the Orb.
     0 | D:1      | Reached XP level 1. HP: 19/19 MP: 0/0
   129 | D:1      | Reached XP level 2. HP: 22/27 MP: 1/1
   220 | D:1      | Reached skill level 4 in Fighting
   431 | D:1      | You fall through a shaft!
   544 | D:2      | Found a white marble altar of Elyvilon.
   544 | D:2      | Found an opulent altar of Gozag.
   544 | D:2      | Found a shattered altar of Ashenzari.
   545 | D:2      | Found a hide-covered altar of Uskayaw.
   560 | D:2      | Reached XP level 3. HP: 33/33 MP: 2/2
   595 | D:2      | Reached skill level 5 in Fighting
   599 | D:2      | Reached XP level 4. HP: 42/42 MP: 3/3
   606 | D:2      | Reached skill level 6 in Fighting
   606 | D:2      | Reached ** piety under Trog
  1036 | D:3      | You fall through a shaft for 3 floors!
  1188 | D:6      | Reached XP level 5. HP: 41/51 MP: 4/4
  1204 | D:6      | Found Toawav's Antique Armour Shoppe.
  1272 | D:5      | Entered Level 5 of the Dungeon
  1284 | D:5      | Reached skill level 7 in Fighting
  1297 | D:5      | Noticed a sky beast
  1311 | D:5      | Killed a sky beast
  1311 | D:5      | Reached skill level 8 in Fighting
  1311 | D:5      | Reached XP level 6. HP: 26/61 MP: 5/5
  2280 | D:4      | Reached *** piety under Trog
  2280 | D:4      | Reached skill level 9 in Fighting
  2450 | D:4      | Reached XP level 7. HP: 55/70 MP: 6/6
  2559 | D:4      | Found an ornate altar of the Wu Jian Council.
  2683 | D:4      | Found a shadowy altar of Dithmenos.
  2878 | D:4      | Noticed a moth of wrath
  2881 | D:4      | Found a bloodstained altar of Trog.
  3270 | D:5      | Reached skill level 10 in Fighting
  3277 | D:5      | Noticed Sigmund
  3288 | D:5      | Killed Sigmund
  3375 | D:5      | Reached skill level 11 in Fighting
  3507 | D:5      | Reached XP level 8. HP: 82/82 MP: 7/7
  3559 | D:5      | Found a staircase to the Ecumenical Temple.
  3566 | D:5      | Noticed Edmund
  3575 | D:5      | Killed Edmund
  3592 | Temple   | Entered the Ecumenical Temple
  4385 | D:6      | Reached skill level 12 in Fighting
  4518 | D:7      | Found Giro's Antique Weapon Shoppe.
  4526 | D:7      | Bought a runed morningstar for 245 gold pieces
  4588 | D:7      | Reached skill level 13 in Fighting
  4830 | D:7      | Noticed Duvessa
  4841 | D:7      | Noticed Dowan
  4846 | D:7      | Killed Duvessa
  4847 | D:7      | Killed Dowan
  5026 | D:7      | Reached **** piety under Trog
  5031 | D:7      | Reached XP level 9. HP: 77/93 MP: 8/8
  5357 | D:7      | Reached skill level 14 in Fighting
  6027 | D:8      | Reached skill level 15 in Fighting
  6364 | D:9      | Reached ***** piety under Trog
  6448 | D:9      | Reached skill level 16 in Fighting
  6564 | D:9      | Noticed a troll
  6572 | D:9      | Killed a troll
  6572 | D:9      | Reached XP level 10. HP: 76/107 MP: 5/9
  7177 | D:10     | Entered Level 10 of the Dungeon
  7388 | D:10     | Found Dische Refao's Antique Weapon Emporium.
  7579 | D:10     | Reached skill level 17 in Fighting
  7915 | D:11     | Found a staircase to the Orcish Mines.
  7927 | D:11     | Found a staircase to the Lair.
  7927 | D:11     | Noticed an elephant
  7974 | D:11     | Killed an elephant
  8327 | D:11     | Found a shimmering altar of Xom.
  8411 | D:11     | Reached skill level 18 in Fighting
  8441 | D:11     | Reached skill level 5 in Maces & Flails
  8680 | D:11     | Reached XP level 11. HP: 119/119 MP: 6/10
  8729 | D:11     | Gained mutation: Your magical capacity is low. (-10% MP)
                  | [potion of mutation]
  8729 | D:11     | Gained mutation: You evolve. [potion of mutation]
  9186 | D:11     | Noticed Erica
  9201 | D:11     | Killed Erica
  9711 | D:12     | Noticed a deep elf mage
  9733 | D:12     | Killed a deep elf mage
 10126 | D:12     | Noticed an orange crystal statue
 10169 | D:12     | Noticed a death knight
 10179 | D:12     | Slain by a death knight

Skill      XL: |  1  2  3  4  5  6  7  8  9 10 11 |
---------------+----------------------------------+-----
Maces & Flails | 4 6 9 |  9.9
Fighting       | 4 5 6 8 9 11 13 16 18 | 18.2
Armour         | |  2.7
Dodging        | |  2.4

Action                   |  1- 3 |  4- 6 |  7- 9 | 10-12 || total
-------------------------+-------+-------+-------+-------++-------
Melee: Mace              |    52 |   128 |    96 |    62 ||   338
       Headbutt          |     7 |    30 |    72 |    53 ||   162
       Morningstar       |       |       |   178 |   179 ||   357
       Dire flail        |       |       |    22 |       ||    22
Invok: Berserk           |       |     2 |     5 |     5 ||    12
  Use: Potion            |       |       |     1 |    13 ||    14
       Scroll            |       |       |       |     7 ||     7
  Eat: Chunk             |       |     3 |    15 |     5 ||    23
       Ration            |       |     1 |     1 |     4 ||     6
Armor: Animal skin       |     7 |       |       |       ||     7
       Plate armour      |    21 |   104 |   252 |   204 ||   581
       Skin              |       |       |       |    23 ||    23
Dodge: Dodged            |    15 |    38 |   139 |   150 ||   342
